 Dungeon Crawl Stone Soup version 0.17-a0-627-g5cb7d3e (console) character file.

1050 Fusha the Slicer (level 8, -12/50 HPs)
             Began as a Kobold Chaos Knight on Apr 16, 2015.
             Mangled by an ogre
             ... wielding a +0 giant club
              (18 damage)
             ... on level 5 of the Dungeon.
             The game lasted 00:19:56 (6224 turns).

Fusha the Slicer (Kobold Chaos Knight)              Turns: 6224, Time: 00:19:56

Health: -12/50     AC:  9    Str: 11      XL:     8   Next: 50%
Magic:  8/8        EV: 17    Int:  8 (10) God:    Xom [...*..]
Gold:   256        SH:  0    Dex: 17      Spells: 0 memorised, 7 levels left

rFire  . . .     SeeInvis .     a - +0 short sword (chaos)
rCold  . . .     Clarity  .     b - +2 leather armour
rNeg   . . .     SustAb   .     (shield restricted)
rPois  +         Gourm    .     (no helmet)
rElec  .         Spirit   .     (no cloak)
rCorr  .         Warding  .     j - +2 pair of gloves
rMut   +         Stasis   .     (no boots)
MR     .....                    t - amulet of resist mutation
Stlth  ++++......               (no ring)
                                v - ring of poison resistance

@: not resistant to hostile enchantments, stealthy
A: claws 1, molten scales 1, blink 1, carnivore 3
a: Blink, Renounce Religion


You were on level 5 of the Dungeon.
You worshipped Xom.
You were a favourite toy of Xom.
You were completely stuffed.

You visited 1 branch of the dungeon, and saw 5 of its levels.
You also visited: Sewer.

You collected 256 gold pieces.

Inventory:

Hand weapons
 a - a +0 short sword of chaos (weapon)
Armour
 b - a +2 leather armour (worn)
 j - a +2 pair of gloves (worn)
Jewellery
 t - an amulet of resist mutation (around neck)
 v - a ring of poison resistance (left hand)
Magical devices
 r - a wand of polymorph (8)
Scrolls
 d - 6 scrolls of remove curse
 e - 2 scrolls of recharging {unknown}
 k - a scroll of magic mapping {unknown}
 l - a scroll of fear {unknown}
 m - a scroll of enchant weapon {unknown}
 n - a scroll of noise
 q - 3 scrolls of teleportation {unknown}
Potions
 g - a potion of curing {unknown}
 i - 2 potions of invisibility {unknown}
 o - a potion of flight
 p - 2 potions of might
 s - a potion of poison
 w - a potion of heal wounds {unknown}
Miscellaneous
 y - a plain deck of changes
Comestibles
 c - 4 meat rations
 f - 3 beef jerkies
 h - 2 royal jellies
 u - a slice of pizza
 x - a chunk of flesh


   Skills:
 + Level 5.4 Fighting
 * Level 8.2 Short Blades
 - Level 0.7 Armour
 + Level 5.1 Dodging
 * Level 7.3 Stealth


You had 7 spell levels left.
You didn't know any spells.

Dungeon Overview and Level Annotations

Branches:
Dungeon (5/15)
 Temple: D:4-7

Altars:
Ashenzari
Gozag
Makhleb
Nemelex Xobeh
Qazlal


Innate Abilities, Weirdness & Mutations

You are small and have problems with some larger weapons.
You are carnivorous and can eat meat at any time.
You have sharp fingernails.
You are partially covered in molten scales (AC +1).
You can translocate small distances at will.


Message History

The ogre closely misses you.
You barely miss the ogre.
The ogre is severely wounded.
The ogre completely misses you.
You hit the ogre but do no damage.
The ogre is severely wounded.
The ogre hits you with a giant club!!
Ouch! That really hurt!
* * * LOW HITPOINT WARNING * * *
Drink which item? (? for menu, Esc to quit)
Okay, then.
Read which item? (? for menu, Esc to quit)
Okay, then.
Drink which item? (? for menu, Esc to quit)
It was a potion of poison.
You feel slightly nauseous. The ogre misses you.
You hit the ogre.
The ogre flickers and vanishes!
Deactivating autopickup; reactivate with Ctrl-A.
Something hits you!!
You die...
Xom giggles madly!

#..#######
#..#.## #.
#.###.### #
#.## ##..# ##
##.#.# #_##.#
#..##.#
####.###.#
#....###.#
#..{@..#
#.#.###...#
..........$.#
#.#.....#...#
#.#.....##.##
###...... .)#
........ #.#
#..... #.#
######...#
#.#


There were no monsters in sight!

Vanquished Creatures
  A spider (D:5)
  2 ogres (D:4)
  A scorpion (D:4)
  A giant frog zombie (D:5)
  2 orc priests (D:3)
  A hound (D:4)
  5 orc wizards
  A jelly (D:5)
  Natasha (twice) (D:2)
  An iguana (D:4)
  4 worker ants
  8 adders
  A gnoll (shapeshifter) (D:2)
  4 gnolls (D:4)
  4 oozes (Sewer)
  10 worms
  11 giant geckos
  17 orcs
  2 ball pythons
  10 goblins
  12 hobgoblins
  10 jackals
  4 quokkas
  14 bats
  7 giant cockroaches
  7 giant newts
  7 kobolds
  11 rats
160 creatures vanquished.

Notes
Turn   | Place    | Note
--------------------------------------------------------------
     0 | D:1      | Fusha, the Kobold Chaos Knight, began the quest for the Orb.
     0 | D:1      | Reached XP level 1. HP: 14/14 MP: 1/1
    10 | D:1      | XOM: potion effect (invisibility)
    91 | D:1      | Reached XP level 2. HP: 19/19 MP: 2/2
   296 | D:1      | XOM: confusion (+ monsters)
   319 | D:1      | Reached skill level 1 in Stealth
   553 | D:1      | Reached XP level 3. HP: 19/23 MP: 3/3
   945 | D:2      | Noticed Natasha
   953 | D:2      | Killed Natasha
   953 | D:2      | Reached XP level 4. HP: 8/29 MP: 4/4
  1277 | D:2      | Reached skill level 5 in Short Blades
  1570 | D:2      | XOM: polymorph goblin -> gnoll
  1717 | D:2      | XOM: harmless Pois miscast
  1756 | D:2      | Found an opulent altar of Gozag.
  1862 | D:2      | XOM: butterfly on damage
  1868 | D:2      | XOM: polymorph butterfly -> rat
  1953 | D:2      | Reached XP level 5. HP: 31/33 MP: 5/5
  2018 | D:2      | Noticed Natasha
  2025 | D:2      | Killed Natasha
  2076 | D:2      | XOM: divination: detect creatures
  2246 | D:3      | Found a stormy altar of Qazlal.
  2516 | D:3      | Found a burning altar of Makhleb.
  2832 | D:2      | XOM: silly message
  2839 | D:2      | Reached XP level 6. HP: 27/38 MP: 6/6
  3041 | D:3      | Reached skill level 6 in Short Blades
  3064 | D:3      | XOM: cast spell 'Excruciating Wounds'
  3072 | D:3      | XOM: noise
  3223 | D:3      | XOM: torment (16/39 hp)
  3352 | D:3      | XOM: mild Erth miscast
  3357 | D:3      | XOM: colour smoke trail
  3435 | D:3      | XOM: mild Necr miscast
  3554 | D:4      | Gained mutation: You are partially covered in molten scales (AC +1). [potion of beneficial mutation]
  3694 | D:4      | Reached skill level 5 in Stealth
  3830 | D:4      | Reached XP level 7. HP: 44/44 MP: 7/7
  3860 | D:4      | Found a glowing drain.
  3901 | Sewer    | Entered a sewer
  4372 | Sewer    | XOM: colour smoke trail
  4930 | D:4      | Found a shattered altar of Ashenzari.
  4983 | D:4      | XOM: harmless Divn miscast
  5035 | D:4      | Reached skill level 7 in Short Blades
  5133 | D:4      | Reached skill level 5 in Fighting
  5144 | D:4      | Reached XP level 8. HP: 44/49 MP: 8/8
  5233 | D:4      | XOM: medium Divn miscast
  5244 | D:4      | XOM: harmless Tloc miscast
  5250 | D:4      | XOM: medium Necr miscast
  5584 | D:4      | XOM: give mutations
  5584 | D:4      | Gained mutation: You have sharp fingernails. [Xom's grace]
  5584 | D:4      | Gained mutation: You can translocate small distances at will. [Xom's grace]
  5841 | D:5      | Entered Level 5 of the Dungeon
  5932 | D:5      | Reached skill level 8 in Short Blades
  5932 | D:5      | Reached skill level 5 in Dodging
  5994 | D:5      | XOM: god gift: royal jelly
  6004 | D:5      | XOM: fake destruction
  6178 | D:5      | Found a sparkling altar of Nemelex Xobeh.
  6204 | D:5      | XOM: divination: detect creatures
  6224 | D:5      | Mangled by an ogre

Action                   |  1- 3 |  4- 6 |  7- 9 || total
-------------------------+-------+-------+-------++-------
Melee: Short sword       |    97 |   256 |   327 ||   680
  Use: Scroll            |       |     7 |       ||     7
       Potion            |       |     1 |     2 ||     3
 Stab: Sleeping          |     6 |     9 |     7 ||    22
       Invisible         |     1 |       |       ||     1
       Confused          |       |     3 |     1 ||     4
       Petrifying        |       |     1 |     1 ||     2
       Paralysed         |       |     2 |     3 ||     5
  Eat: Chunk             |     8 |    10 |     8 ||    26
